 Dungeon Crawl Stone Soup version 0.30-a0-34-gbe8da3892a (webtiles) character file.

Game seed: 10982042858369339390

398 frimble the Conjurer (level 6, -11/41 HPs)
             Began as a Demonspawn Air Elementalist on Aug 27, 2022.
             Killed by divine providence
             ... invoked by an orc priest
              (14 damage)
             ... on level 4 of the Dungeon.
             The game lasted 00:03:51 (4690 turns).

frimble the Conjurer (Demonspawn Air Elementalist)  Turns: 4690, Time: 00:03:51

Health: -11/41     AC:  7    Str: 11    XL:     6   Next: 53%
Magic:  3/9        EV: 27    Int: 16    God:
Gold:   249        SH:  0    Dex: 13    Spells: 8/9 levels left

rFire   . . .      SeeInvis .      - Unarmed
rCold   . . .      Faith    .    (no shield)
rNeg    . . .      Spirit   .    a - +0 robe
rPois   .          Reflect  .    t - +1 hat
rElec   .          Harm     .    (no cloak)
rCorr   .          Rampage  .    (no gloves)
Will    ++...                    (no boots)
Stlth   ++........               j - amulet of the acrobat
HPRegen 0.13/turn                k - +4 ring of protection
MPRegen 0.11/turn                (no ring)

@: acrobatic
A: powered by pain 1, demonic touch 1, strong-willed 2
a: no special abilities


You were on level 4 of the Dungeon.
You visited 1 branch of the dungeon, and saw 4 of its levels.

You collected 249 gold pieces.

Inventory:

Missiles
 r - a throwing net
Armour
 a - a +0 robe (worn)
 t - a +1 hat (worn)
Jewellery
 j - an amulet of the acrobat (around neck)
 k - a +4 ring of protection (left hand)
 u - an amulet of reflection
Wands
 c - a wand of mindburst (18)
Scrolls
 h - 2 scrolls of teleportation
 l - a scroll of vulnerability
 n - a scroll of butterflies
 p - a scroll of identify
Potions
 b - a potion of magic
 d - 4 potions of curing
 e - a potion of attraction {unknown}
 f - a potion of mutation
 g - a potion of lignification
 i - a potion of berserk rage {unknown}
 m - a potion of degeneration {unknown}
 o - 2 potions of ambrosia {unknown}
 q - a potion of haste {unknown}
 s - a potion of brilliance {unknown}
 v - a potion of invisibility {unknown}


   Skills:
 - Level 1.7 Dodging
 - Level 1.7 Stealth
 + Level 3.9 Unarmed Combat
 - Level 2.0 Spellcasting
 + Level 5.0 Conjurations
 - Level 2.6 Air Magic


You had 8 spell levels left.
You knew the following spells:

 Your Spells              Type           Power      Damage    Failure   Level
a - Shock                 Conj/Air       52%        1d6       4%          1

Your spell library contained the following spells:

 Spells                   Type           Power      Damage    Failure   Level
 Static Discharge         Conj/Air       26%        3-5/arc   6%          2
 Swiftness                Air            10%        N/A       21%         3
 Gell's Gravitas          Tloc           1%         N/A       52%         3
 Lesser Beckoning         Tloc           1%         N/A       52%         3
 Teleport Other           Tloc           1%         N/A       52%         3
 Airstrike                Air            5%         2d(1-17)  56%         4


Dungeon Overview and Level Annotations

Branches:
Dungeon (4/15)             Temple (0/1) D:4

Altars:
Okawaru


Innate Abilities, Weirdness & Mutations

You sometimes gain a little power by taking damage.
Your touch may inflict minor irresistible damage on your foes.
You are highly strong-willed. (Will++)


Message History

The orc priest is healed somewhat.
Aiming: Shock (safe; 4% risk of failure)
Press: ? - help, Q - select action, (/) - cycle Shift-Dir - straight line The zap hits the orc.
You kill the orc!
The zap misses the orc priest.
The zap hits the orc priest.
The orc priest is heavily wounded.
Aiming: Shock (safe; 4% risk of failure)
Press: ? - help, Q - select action, (/) - cycle Shift-Dir - straight line The zap misses the orc priest. x2
Something hits you but does no damage.
Aiming: Shock (safe; 4% risk of failure)
Press: ? - help, Q - select action, (/) - cycle Shift-Dir - straight line The zap misses the orc priest.
Something hits you.
Aiming: Shock (safe; 4% risk of failure)
Press: ? - help, Q - select action, (/) - cycle Shift-Dir - straight line The zap hits something.
The zap hits the orc priest.
The orc priest is heavily wounded.
Something barely misses you.
The orc priest looks satisfied for a moment.
The orc priest calls down the wrath of Beogh upon you.
Beogh smites you!
Aiming: Shock (safe; 4% risk of failure)
Press: ? - help, Q - select action, (/) - cycle Shift-Dir - straight line The zap misses the orc priest.
Something hits you.
The orc priest calls upon Beogh to heal the orc priest.
The orc priest is healed somewhat.
Aiming: Shock (safe; 4% risk of failure)
Press: ? - help, Q - select action, (/) - cycle Shift-Dir - straight line The zap hits something.
The zap hits the orc priest.
The orc priest is heavily wounded.
Something barely misses you.
The orc priest mumbles some strange prayers to Beogh against you.
Beogh smites you!
* * * LOW HITPOINT WARNING * * *
The orc priest mumbles some strange prayers to Beogh against you.
Beogh smites you!
You die...

..........)...## ...#
....#.).).#...# ..#
.#.##.._..##..# ..
##..#.[.).#..##
##...........#
##...###...##
#....#....###
##......[....#########
#(.#######.....@.)o..#
##.## ###..####o...#
#..# #### ####..# ...#
.# ...# .# ..## # ..#
..# ###


You could see 2 orc priests.

Vanquished Creatures
  A scorpion (D:4)
  2 hounds (D:4)
  An orc priest (D:4)
  Jessica (D:3)
  An iguana (D:4)
  2 orc wizards (D:4)
  Terence (D:3)
  5 adders
  A dart slug (D:3)
  3 worms (D:2)
  9 orcs
  7 ball pythons
  9 endoplasms
  4 goblins
  6 hobgoblins
  2 jackals (D:3)
  3 kobolds
  4 quokkas
  3 bats
  A frilled lizard (D:1)
  5 rats
71 creatures vanquished.

Notes
Turn   | Place    | Note
-------+----------+-------------------------------------------
     0 | D:1      | frimble the Demonspawn Air Elementalist began the quest for
                  | the Orb.
     0 | D:1      | Reached XP level 1. HP: 13/13 MP: 3/3
   523 | D:1      | Reached skill level 2 in Conjurations
   555 | D:1      | Gained mutation: Your touch may inflict minor irresistible
                  | damage on your foes. [demonic ancestry]
   555 | D:1      | Reached XP level 2. HP: 13/19 MP: 1/5
  1739 | D:2      | Reached skill level 1 in Unarmed Combat
  1739 | D:2      | Gained mutation: You sometimes gain a little power by
                  | taking damage. [demonic ancestry]
  1739 | D:2      | Reached XP level 3. HP: 24/24 MP: 0/6
  2161 | D:2      | Found a faded altar of an unknown god.
  2280 | D:2      | Reached skill level 3 in Conjurations
  2612 | D:3      | Reached XP level 4. HP: 19/30 MP: 4/7
  3102 | D:3      | Noticed Jessica
  3114 | D:3      | Killed Jessica
  3634 | D:3      | Noticed Terence
  3640 | D:3      | Killed Terence
  3641 | D:3      | Reached XP level 5. HP: 32/35 MP: 8/8
  4146 | D:4      | Found an iron altar of Okawaru.
  4161 | D:4      | Reached skill level 4 in Conjurations
  4238 | D:4      | Gained mutation: You are strong-willed. (Will+) [potion of
                  | mutation]
  4238 | D:4      | Gained mutation: You are highly strong-willed. (Will++)
                  | [potion of mutation]
  4245 | D:4      | Reached XP level 6. HP: 26/41 MP: 4/9
  4431 | D:4      | Found a staircase to the Ecumenical Temple.
  4456 | D:4      | Identified the +1 leather armour of the Blue Moon {rCorr
                  | Int+3}
  4543 | D:4      | Reached skill level 5 in Conjurations
  4546 | D:4      | Identified the +1 dagger of Flawed Execution {antimagic,
                  | rC++ Will- Str+7}
  4690 | D:4      | Killed from afar by an orc priest

Illustrated notes

Levels and vault maps discovered:
D:1:      mrwooster_arrival_arrow, layout_basic, serial_rivers,
          chequers_serial_rivers_marsh, chequers_serial_rivers_small_3,
          chequers_serial_rivers_micro_c, chequers_serial_rivers_micro_d,
          chequers_serial_rivers_small_b, chequers_serial_rivers_micro_a,
          corner_web_ring
D:2:      layout_basic, basic_altar, shapermc_ecumenical_altar_mp_vishouse
D:3:      layout_basic, chequers_serial_rivers_marsh, uniq_terence, uniq_jessica
D:4:      layout_layer_cave, okawaru_ov_weapons_minmay,
          mainiacjoe_overflow_alcove_3, minmay_temple_entry_glassed_door

Skill      XL: |  1  2  3  4  5  6 |
---------------+-------------------+-----
Conjurations   | 2 3 4 5 |  5.0
Unarmed Combat | 1 2 3 |  3.9
Dodging        | |  1.7
Stealth        | |  1.7
Spellcasting   | |  2.0
Air Magic      | |  2.6

Action                   |  1- 3 |  4- 6 || total
-------------------------+-------+-------++-------
Melee: Unarmed           |   114 |   110 ||   224
       Touch             |    18 |    21 ||    39
       Punch             |     1 |     1 ||     2
 Cast: Shock             |    42 |    29 ||    71
  Use: Scroll            |     6 |     2 ||     8
       Potion            |       |     4 ||     4
 Stab: Sleeping          |     4 |     3 ||     7
Armor: Robe              |    36 |    25 ||    61
       Skin              |       |    11 ||    11
Dodge: Dodged            |    73 |    61 ||   134

Table legend: (Time is in decaauts)
 A = Elapsed time spent in this place.
 B = Non-inter-level travel time spent in this place.
 C = Inter-level travel time spent in this place.
 D = Time resting spent in this place.
 E = Time spent auto-exploring this place.
 F = Levels seen in this place.
 G = Mean time per level.
                   A        B        C        D        E       F      G
               +--------+--------+--------+--------+--------+-----+--------+
         Total |   4696 |   4623 |     73 |      0 |   3986 |   4 | 1174.0 |
       Dungeon |   4696 |   4623 |     73 |      0 |   3986 |   4 | 1174.0 |
               +--------+--------+--------+--------+--------+-----+--------+

Top non-repeatable levels by time:
     D:3: 1548 daAuts
     D:1: 1520 daAuts
     D:2: 1082 daAuts
     D:4: 545 daAuts
